 Dungeon Crawl Stone Soup version 0.22-a0-618-gd6a3efe (webtiles) character file.

371 Hebeh the Magician (level 6, -9/32 HPs)
             Began as a Deep Elf Fire Elementalist on July 13, 2018.
             Mangled by a gnoll
             ... wielding a +0 whip
              (10 damage)
             ... on level 4 of the Dungeon.
             The game lasted 00:18:59 (5341 turns).

Hebeh the Magician (Deep Elf Fire Elementalist)     Turns: 5341, Time: 00:18:59

Health: -9/32      AC:  2    Str:  5    XL:     6   Next: 42%
Magic:  11/15      EV: 13    Int: 22    God:
Gold:   196        SH:  0    Dex: 13    Spells: 1/15 levels left

rFire    . . .     SeeInvis .   b - -1 hunting sling (curse)
rCold    . . .     Gourm    .   (no shield)
rNeg     . . .     Faith    .   m - +0 robe
rPois    .         Spirit   .   (no helmet)
rElec    .         Reflect  .   (no cloak)
rCorr    .         Harm     .   (no gloves)
MR       .....                  (no boots)
Stlth    ++........             (no amulet)
HPRegen  0.10/turn              n - -2 ring of dexterity (curse)
MPRegen  0.14/turn              (no ring)

@: very slightly contaminated
A: no striking features
a: no special abilities


You were on level 4 of the Dungeon.
You were not hungry.

You visited 1 branch of the dungeon, and saw 5 of its levels.

You collected 196 gold pieces.

Inventory:

Hand Weapons
 a - a +0 short sword
 b - a cursed -1 hunting sling (weapon)
 o - a +0 hunting sling
 y - a +2 vampiric short sword
 z - a +1 short sword of draining
 A - the +2 long sword "Arcanum" {slice, rElec Int+6, unknown}
   (You found it on level 5 of the Dungeon)

   It inflicts extra damage upon your enemies.
   It affects your intelligence (+6).
   It insulates you from electricity.
Missiles
 e - 92 arrows
 f - 240 stones
 j - 16 sling bullets (quivered)
 r - 2 tomahawks
 v - 47 bolts
Armour
 m - a +0 robe (worn)
Jewellery
 d - an uncursed ring of flight {unknown}
 n - a cursed -2 ring of dexterity (left hand)
 p - an uncursed ring of poison resistance {unknown}
 t - an uncursed ring of flight {unknown}
Scrolls
 l - a scroll of blinking
 s - a scroll of identify
 u - a scroll of fog
Potions
 g - 4 potions of haste {unknown}
 h - a potion of heal wounds {unknown}
 i - 4 potions of lignification {unknown}
 k - a potion of flight {unknown}
 q - 2 potions of curing {unknown}
 w - a potion of might {unknown}
 x - a potion of degeneration {unknown}
Comestibles
 c - 6 rations


   Skills:
 - Level 2.4 Dodging
 - Level 2.4 Stealth
 + Level 5.2 Spellcasting
 * Level 5.1 Conjurations
 + Level 4.9 Fire Magic


You had one spell level left.
You knew the following spells:

 Your Spells              Type           Power        Failure   Level  Hunger
a - Flame Tongue          Conj/Fire      ####.        1%          1    None
b - Throw Flame           Conj/Fire      ####..       1%          2    None
c - Conjure Flame         Conj/Fire      ####....     3%          3    ##.....
d - Fireball              Conj/Fire      ####......   34%         5    #####..
e - Inner Flame           Hex/Fire       ###.....     11%         3    ##.....

Your spell library contained the following spells:

 Spells                   Type           Power        Failure   Level  Hunger
 Sticky Flame             Conj/Fire      ####....     12%         4    ####...


Dungeon Overview and Level Annotations

Branches:
Dungeon (5/15)
 Temple: D:4-7

Altars:

Annotations:
D:3 1 runed door, Zgarb's ghost, amateur HOSu


Message History

The gnoll is moderately wounded.
The gnoll hits you with a whip. The gnoll barely misses you. x2
Casting: Flame Tongue (safe; 1% risk of failure)
Confirm with . or Enter, or press ? or * to list all spells.
Aiming: Flame Tongue (safe; 1% risk of failure)
Press: ? - help, Shift-Dir - straight line, f/p - gnoll
Aim: a gnoll, wielding a whip (moderately wounded, fast)
The flame tongue misses the gnoll.
The gnoll hits you with a whip.
* * * LOW HITPOINT WARNING * * *
The gnoll hits you with a spear.
* * * LOW HITPOINT WARNING * * *
Casting: Flame Tongue (safe; 1% risk of failure)
Confirm with . or Enter, or press ? or * to list all spells.
Aiming: Flame Tongue (safe; 1% risk of failure)
Press: ? - help, Shift-Dir - straight line, f/p - gnoll
Aim: a gnoll, wielding a whip (moderately wounded, fast)
You miscast Flame Tongue.
You are very lightly contaminated with residual magic.
Nothing appears to happen.
The gnoll hits you with a whip!
You die...

#.# #.#.# #.#
#.#.### #.#
###.#.... #.#
#...##### ####.#
#.###
##....#####.##
#............####
#g.########.....###
#g@# ##....... #..#
####.### ##..#
#.### #.[)# #.##.
#.#.### #.##.
#.#...# #.##.
#.###.# #.##. #.#
#<# #.##. #.# #.#
#.##.


You could see 2 gnolls.

Vanquished Creatures
  A phantom (D:4)
  A scorpion (D:4)
  An iguana (D:4)
  An orc wizard (D:4)
  A worker ant (D:4)
  A worker ant zombie (D:4)
  2 gnolls (D:5)
  3 adders (D:2)
  An ooze (D:1)
  2 dart slugs
  5 worms
  A leopard gecko (D:3)
  6 orcs
  3 giant cockroaches
  7 goblins
  10 hobgoblins
  2 jackals (D:4)
  10 kobolds
  2 quokkas
  A ball python (D:1)
  12 bats
  6 frilled lizards
  A jackal skeleton (D:4)
  4 rats
84 creatures vanquished.

Notes
Turn   | Place    | Note
-------+----------+-------------------------------------------
     0 | D:1      | Hebeh the Deep Elf Fire Elementalist began the quest for the Orb.
     0 | D:1      | Reached XP level 1. HP: 10/10 MP: 6/6
   137 | D:1      | Reached XP level 2. HP: 15/15 MP: 4/8
   814 | D:1      | You fall through a shaft!
  1218 | D:2      | Reached XP level 3. HP: 19/19 MP: 7/10
  1500 | D:2      | Learned a level 2 spell: Throw Flame
  1504 | D:2      | Learned a level 3 spell: Conjure Flame
  2291 | D:2      | Reached XP level 4. HP: 24/24 MP: 11/11
  3154 | D:3      | Noticed Zgarb's ghost (amateur HOSu)
  3158 | D:3      | Found a runed door.
  3898 | D:4      | Reached XP level 5. HP: 20/28 MP: 4/13
  4106 | D:4      | Noticed a phantom
  4113 | D:4      | Killed a phantom
  4113 | D:4      | Reached XP level 6. HP: 25/32 MP: 6/15
  4192 | D:4      | Reached skill level 5 in Spellcasting
  4441 | D:4      | Reached skill level 5 in Conjurations
  5121 | D:4      | Learned a level 5 spell: Fireball
  5125 | D:4      | Learned a level 3 spell: Inner Flame
  5133 | D:5      | Entered Level 5 of the Dungeon
  5142 | D:5      | Got a pitted long sword
  5340 | D:4      | HP: 1/32 [gnoll/spear (6)]
  5341 | D:4      | Mangled by a gnoll

Vault maps used:
D:1:      elethiomel_arrival_infinity_welcomes_careful_drivers
D:2:      kennysheep_big_flooded_room, first_ration, kennysheep_nondescript
D:3:      hellmonk_ghost_happy_afterlife

Skill      XL: |  1  2  3  4  5  6 |
---------------+-------------------+-----
Conjurations   | 2 3 4 5 |  5.1
Fire Magic     | 4 |  4.9
Spellcasting   | 4 5 |  5.2
Dodging        | |  2.4
Stealth        | |  2.4

Action                   |  1- 3 |  4- 6 || total
-------------------------+-------+-------++-------
Melee: Unarmed           |    11 |       ||    11
 Fire: Hunting sling     |     3 |    38 ||    41
Throw: Stone             |    55 |       ||    55
 Cast: Flame Tongue      |    87 |    94 ||   181
       Throw Flame       |     1 |     3 ||     4
       Conjure Flame     |       |     2 ||     2
  Use: Scroll            |     1 |     3 ||     4
  Eat: Chunk             |     4 |     4 ||     8
       Ration            |       |     2 ||     2
Armor: Robe              |     4 |     1 ||     5
Dodge: Dodged            |    49 |    25 ||    74

Table legend:
 A = Spawn XP
 B = Non-spawn XP
 C = Spawn XP percentage of total XP
 D = Spawn monster count
 E = Non-spawn monster count
 F = Spawn count percentage of total count
 G = Total turns spent on level
                    A         B        C        D         E        F      G
               +---------+---------+-------+---------+---------+-------+---------
         Total |       0 |     531 |   0.0 |       0 |      84 |   0.0 |  5341
               +---------+---------+-------+---------+---------+-------+---------
           D:1 |       0 |      35 |   0.0 |       0 |      19 |   0.0 |  1157
           D:2 |       0 |      99 |   0.0 |       0 |      34 |   0.0 |  1560
           D:3 |       0 |      22 |   0.0 |       0 |      10 |   0.0 |  1148
           D:4 |       0 |     344 |   0.0 |       0 |      18 |   0.0 |  1383
           D:5 |       0 |      31 |   0.0 |       0 |       3 |   0.0 |    93
               +---------+---------+-------+---------+---------+-------+---------
